 Dungeon Crawl Stone Soup version 0.30-a0-1014-g3371b13838 (webtiles) character file.

Game seed: 3918081218957793452

107156 Malachi the Slayer (level 16, -6/169 HPs)
             Began as a Ghoul Fighter on Apr 6, 2023.
             Was an Initiate of Gozag.
             Mangled by a titanic slime creature (25 damage)
             ... on level 11 of the Dungeon.
             The game lasted 00:43:20 (22660 turns).

Malachi the Slayer (Ghoul Fighter)                 Turns: 22660, Time: 00:43:21

Health: -6/169     AC: 29    Str: 31    XL:     16   Next: 46%
Magic:  15/15      EV:  8    Int:  3    God:    Gozag
Gold:   4524       SH:  5    Dex: 10    Spells: 15/15 levels left

rFire   + . .      SeeInvis +    r - +11 dire flail of the Penguin {vamp, rF+ rC- Dex+2}
rCold   + . .      Faith    .    (shield currently unavailable)
rNeg    + + +      Spirit   .    M - +7 plate armour of Buypes {-Tele Rampage rPois Will++}
rPois   ∞          Reflect  +    W - +2 hat
rElec   .          Rampage  +    f - +0 cloak
rCorr   .          NoTele   +    N - +1 pair of gloves of Adeuch {rC+ Str+3}
Will    ++++.                    (no boots) Stlth
                                 h - amulet of reflection
HPRegen 0.00/turn                J - ring of willpower
MPRegen 0.14/turn                z - ring of see invisible

@: inhibited regen
A: claws 1, cold resistance 1, negative energy resistance 3, inhibited
regeneration, torment resistance 2, devour on kill
a: Renounce Religion, Potion Petition, Call Merchant, Bribe Branch


You were on level 11 of the Dungeon.
You worshipped Gozag.
Gozag was most pleased with you.
You visited 3 branches of the dungeon, and saw 19 of its levels.
You also visited: Bailey and Ice Cave.

You collected 9108 gold pieces.
You spent 2155 gold pieces at shops.
You paid 2429 gold pieces to Gozag.

Inventory:

Hand Weapons
 r - the +11 dire flail of the Penguin (weapon) {vamp, rF+ rC- Dex+2}
   (You bought it in a shop on level 2 of the Orcish Mines)

   Dex:       It affects your dexterity (+2).
   rF:        It protects you from fire.
   rC:        It makes you vulnerable to cold.
 w - the +11 hand axe of the Ecumenical Temple {flame, rC+ Will+ rCorr}
   (You found it on level 3 of the Dungeon)

   rC:        It protects you from cold.
   rCorr:     It protects you from acid and corrosion.
   Will:      It increases your willpower.
 A - the +5 morningstar of Guonuuc {spect, rPois}
   (You bought it in a shop on level 2 of the Orcish Mines)

   rPois:     It protects you from poison.
Missiles
 l - 31 javelins
 p - 8 silver javelins (quivered)
 V - 3 throwing nets
Armour
 c - a +0 buckler
 f - a +0 cloak (worn)
 M - the +7 plate armour of Buypes (worn) {-Tele Rampage rPois Will++}
   (You bought it in a shop on level 8 of the Dungeon)

   rPois:     It protects you from poison.
   -Tele:     It prevents most forms of teleportation.
   Rampage:   It bestows one free step when moving towards enemies.
   Will:      It greatly increases your willpower.
 N - the +1 pair of gloves of Adeuch (worn) {rC+ Str+3}
   (You found it on level 6 of the Dungeon)

   Str:       It affects your strength (+3).
   rC:        It protects you from cold.
 S - a +0 crystal plate armour of cold resistance
 W - a +2 hat (worn)
Jewellery
 a - a ring of flight
 h - an amulet of reflection (around neck)
 z - a ring of see invisible (right hand)
 E - a +6 ring of intelligence
 J - a ring of willpower (left hand)
 P - an amulet of regeneration
 T - the ring "Riniazis" {Ice rN++ Will+++ Int-3 Stlth-}
   (You found it in an ice cave)

   [ring of ice]

   It enhances your ice magic.
   Int:       It affects your intelligence (-3).
   rF:        It makes you vulnerable to fire.
   rC:        It protects you from cold.
   rN:        It greatly protects you from negative energy.
   Will:      It greatly increases your willpower.
   Stlth:     It makes you less stealthy.
Wands
 v - a wand of quicksilver (5)
 B - a wand of flame (4)
 C - a wand of charming (7)
 D - a wand of polymorph (5)
 F - a wand of digging (1)
 O - a wand of mindburst (15)
Scrolls
 b - 3 scrolls of identify
 e - 2 scrolls of fog
 g - 6 scrolls of immolation
 j - 4 scrolls of fear
 m - 2 scrolls of brand weapon
 o - 3 scrolls of enchant armour
 s - 2 scrolls of amnesia
 t - 2 scrolls of blinking
 u - 6 scrolls of poison
 x - 5 scrolls of silence
 y - 4 scrolls of butterflies
 I - a scroll of torment {unknown}
 K - 9 scrolls of teleportation
 L - 2 scrolls of vulnerability
 Q - 3 scrolls of magic mapping
Potions
 d - 5 potions of might
 i - 4 potions of attraction
 k - 5 potions of haste
 n - a potion of resistance
 q - 10 potions of curing
 G - 3 potions of brilliance
 H - 4 potions of flight


   Skills:
 + Level 22.2 Fighting
 - Level 11.4(12.7) Axes
 * Level 9.1(11.6) Maces & Flails
 + Level 13.2 Armour
 - Level 11.6 Shields


You had 15 spell levels left.
You didn't know any spells.
Your spell library contained the following spells:

 Spells                   Type           Power      Damage    Failure   Level
 Ensorcelled Hibernation  Hex/Ice        0%         N/A       99%         2
 Passwall                 Tmut/Erth      0%         N/A       99%         2
 Dazzling Flash           Conj/Hex       0%         N/A       100%        3
 Stone Arrow              Conj/Erth      0%         3d7       100%        3
 Swiftness                Air            0%         N/A       100%        3
 Volatile Blastmotes      Fire/Tloc      0%         2d10      100%        3
 Anguish                  Hex/Necr       0%         N/A       100%        4
 Animate Armour           Summ/Erth      0%         N/A       100%        4
 Cause Fear               Hex            0%         N/A       100%        4
 Iskenderun's Mystic Bla  Conj/Tloc      0%         2d3       100%        4
 Petrify                  Tmut/Erth      0%         N/A       100%        4
 Summon Ice Beast         Ice/Summ       0%         N/A       100%        4
 Summon Lightning Spire   Summ/Air       0%         N/A       100%        4
 Borgnjor's Vile Clutch   Necr/Erth      0%         N/A       100%        5
 Starburst                Conj/Fire      0%         6d3       100%        6
 Enfeeble                 Hex            0%         N/A       100%        7
 Haunt                    Necr/Summ      0%         N/A       100%        7
 Malign Gateway           Summ/Tloc      0%         N/A       100%        7
 Lehudib's Crystal Spear  Conj/Erth      0%         10d2      100%        8
 Maxwell's Capacitive Co  Air            0%         ∞         100%        8
 Chain Lightning          Conj/Air       0%         N/A       100%        9
 Fire Storm               Conj/Fire      0%         5d1       100%        9
 Shatter                  Erth           0%         3d5*      100%        9
 Storm Form               Tmut/Air       Unusable   N/A       N/A         7

Dungeon Overview and Level Annotations

Branches:
Dungeon (12/15)            Temple (0/1) D:5            Lair (5/5) D:8
 Shoals (0/4) Lair:3        Snake (0/4) Lair:2        Slime (0/5) Lair:5
    Orc (2/2) D:11            Elf (0/3) Orc:2        Bailey (visited)
  IceCv (visited)

Altars:
Cheibriados
Gozag
Okawaru
Sif Muna
Trog
Uskayaw

Shops:
D:8 [   D:9 *   D:11 =   Orc:1 [   Orc:2 ((!=*

Portals:
Pandemonium: Orc:2


Innate Abilities, Weirdness & Mutations

You are immune to poison.
You have sharp fingernails.
Your flesh is cold resistant. (rC+)
You are immune to negative energy. (rN+++)
You do not regenerate when monsters are visible.
You are immune to unholy pain and torment.
You thrive by killing the living.


Message History

Unknown command.
You hit the very large slime creature.
The very large slime creature is severely wounded.
You completely miss the very large slime creature.
The very large slime creature is severely wounded.
The very large slime creature hits you.
The slime creature hits you but does no damage.
You bludgeon the very large slime creature!!
You feel better.
The very large slime creature is severely wounded.
The very large slime creature hits you!!
Two slime creatures merge to form a titanic slime creature.
The slime creature hits you but does no damage.
You hit the titanic slime creature but do no damage.
The titanic slime creature is heavily wounded.
The slime creature hits you but does no damage.
Unknown command.
You sock the titanic slime creature!
The titanic slime creature is heavily wounded.
You hit the titanic slime creature.
The titanic slime creature is heavily wounded.
The slime creature hits you but does no damage.
Unknown command.
You bludgeon the titanic slime creature!!
The titanic slime creature is heavily wounded.
The titanic slime creature hits you!!
The slime creature completely misses you.
The slime creature attacks as you move away!
The slime creature completely misses you.
There is an escape hatch in the ceiling, spattered with blood here.
The titanic slime creature hits you but does no damage.
A mysterious force pulls you upwards. The hatch slams shut behind you.
Unknown command.
The titanic slime creature attacks as you move away!
The titanic slime creature hits you!!!!
* * * LOW HITPOINT WARNING * * *
The titanic slime creature attacks as you move away!
The titanic slime creature hits you!!
You die...
Your body crumbles into a pile of gold.

####.##.###.#
#..##)##.....#....
##...#.....#
#......[..#.....#.
#.....######
##################
############# ##....#####
#.#
.....>......###..[......#
#.#
............##..#..####.#
#.# ..⌠.._..⌠...#..###^#
#.# #.#
............##.J#..# #[#
#.# .....8......###.@.##
#.# #.#
8'8#####8)8#####.## #.#
#.# ..))..)[[[(..# #.#
#.# #.# ..>[#####[####
#.# #.# #.# ###.# #.[#
#.######.# #.# #.# #.##
#........# #.#####
#.####.#######.########
#......
###.#............#
#.#####
......^..#######.# #.# #


You could see a titanic slime creature.

Vanquished Creatures
  2 stone giants (D:11)
  3 dire elephants (Lair:5)
  An ettin (Orc:2)
  A fire dragon (D:11)
  2 demonspawn (Orc:2)
  Harold (D:11)
  Fannar (D:10)
  5 hydras
  3 boulder beetles
  2 ogre magi (D:11)
  A centaur warrior (D:11)
  A dancing weapon (D:11)
  6 death yaks
  5 orc high priests (Orc:2)
  A soul eater (Orc:2)
  A skyshark (Lair:3)
  A sun demon (Orc:2)
  2 spectral death yaks (Lair:5)
  A spectral anaconda (Lair:5)
  A flayed ghost (D:11)
  2 bog bodies (IceCv)
  An orange crystal statue (D:9)
  6 orc knights
  An obsidian statue (Lair:5)
  4 necromancers (Lair:5)
  A deep elf pyromancer (D:11)
  3 ugly things
  An oklob plant (Lair:4)
  A cyclops (Orc:1)
  A manticore (Lair:3)
  8 orc sorcerers (Orc:2)
  2 wolf spiders (D:11)
  22 elephants
  4 black mambas
  An ice statue (IceCv)
  10 cane toads
  A gargoyle (D:10)
  Maggie (D:6)
  2 dire elephant skeletons (Lair:5)
  4 rime drakes
  2 kobold demonologists
  2 ice devils (Orc:2)
  8 komodo dragons
  2 anaconda simulacra (IceCv)
  4 trolls
  A hornet (D:11)
  A wind drake (Lair:3)
  15 blink frogs
  13 dream sheep (Lair:5)
  A spectral elephant (Lair:5)
  Sigmund (D:5)
  2 shadows (D:11)
  4 wyverns
  2 dire elephant simulacra
  48 yaks
  A redback (D:11)
  2 basilisks
  2 death yak simulacra (IceCv)
  A warg (Orc:2)
  Menkaure (D:4)
  A steam dragon (Lair:4)
  2 spectral cane toads (Lair:5)
  2 acid dragons (D:11)
  2 harpy simulacra (IceCv)
  2 nagas (Lair:2)
  14 water moccasins
  2 hydra simulacra (IceCv)
  An ice beast (D:5)
  46 orc warriors
  4 black bears
  7 ogres
  4 wolves (Lair:4)
  15 centaurs
  An elephant skeleton (Lair:5)
  2 elephant zombies (Lair:5)
  A phantom (D:5)
  4 kobold brigands
  Blork the orc (D:5)
  11 bullfrogs
  3 cane toad simulacra
  2 scorpions (D:6)
  8 two-headed ogre simulacra (IceCv)
  8 wights
  3 elephant simulacra
  16 killer bees
  A howler monkey (D:11)
  4 jellies
  2 hounds
  A gnoll bouda (D:8)
  23 orc priests
  3 iguanas
  2 sleepcaps
  20 orc wizards
  6 hell rats
  A polar bear simulacrum (IceCv)
  2 troll simulacra (IceCv)
  4 spriggan simulacra (IceCv)
  A wolf simulacrum (IceCv)
  11 gnolls
  13 adders
  8 naga simulacra (IceCv)
  10 white imps
  6 ufetubi (IceCv)
  A worm (D:2)
  3 dart slugs
  98 orcs
  13 bats
  6 endoplasms
  A giant cockroach (D:2)
  5 hobgoblins
  7 jackals
  9 quokkas
  13 ball pythons
  18 frilled lizards
  8 goblins
  27 kobolds
  10 rats
729 creatures vanquished.

Vanquished Creatures (others)
  A deep elf high priest (D:11)
  A wizard (D:11)
  8 fungi
  42 plants
  17 withered plants (Lair:5)
69 creatures vanquished.

Grand Total: 798 creatures vanquished

Notes
Turn   | Place    | Note
-------+----------+-------------------------------------------
     0 | D:1      | Malachi the Ghoul Fighter began the quest for the Orb.
     0 | D:1      | Reached XP level 1. HP: 19/19 MP: 0/0
    36 | D:1      | Reached XP level 2. HP: 20/26 MP: 1/1
   123 | D:1      | Reached XP level 3. HP: 27/33 MP: 2/2
   320 | D:1      | Found a faded altar of an unknown god.
   353 | D:1      | Prayed at the altar of an unknown god.
   353 | D:1      | Became a worshipper of Gozag Ym Sagoz the Greedy
   947 | D:2      | Reached XP level 4. HP: 32/40 MP: 3/3
  1024 | D:2      | Reached skill level 4 in Fighting
  1730 | D:3      | Reached XP level 5. HP: 42/46 MP: 4/4
  1990 | D:3      | Found a hide-covered altar of Uskayaw.
  2112 | D:3      | Identified the +11 hand axe of the Ecumenical Temple
                  | {flame, rC+ Will+ rCorr}
  2164 | D:3      | Reached XP level 6. HP: 53/53 MP: 5/5
  2455 | D:4      | Noticed Menkaure
  2460 | D:4      | Killed Menkaure
  2461 | D:4      | Reached skill level 5 in Fighting
  2464 | D:4      | Reached XP level 7. HP: 44/61 MP: 6/6
  2735 | D:4      | Identified the +0 robe of Pathos {Rampage Int+2 SInv}
  2744 | D:4      | Reached XP level 8. HP: 30/70 MP: 7/7
  3270 | D:5      | Entered Level 5 of the Dungeon
  3306 | D:5      | You are sucked into a shaft and drop 1 floor!
  3350 | D:6      | Found an iron altar of Okawaru.
  3395 | D:6      | Reached skill level 6 in Fighting
  3440 | D:6      | Reached skill level 5 in Armour
  3440 | D:6      | Reached skill level 5 in Shields
  3469 | D:6      | Noticed Maggie
  3481 | D:6      | Killed Maggie
  3482 | D:6      | Reached skill level 5 in Axes
  3718 | D:6      | Reached XP level 9. HP: 33/78 MP: 8/8
  3721 | D:6      | Reached skill level 7 in Fighting
  4001 | D:6      | Identified the +1 pair of gloves of Adeuch {rC+ Str+3}
  4103 | D:6      | Reached skill level 8 in Fighting
  4598 | D:5      | Found a staircase to the Ecumenical Temple.
  4652 | D:5      | Noticed Blork the orc
  4657 | D:5      | Killed Blork the orc
  4773 | D:5      | Noticed Sigmund
  4777 | D:5      | Killed Sigmund
  4778 | D:5      | Reached XP level 10. HP: 89/89 MP: 9/9
  6052 | D:8      | Found a staircase to the Lair.
  6073 | D:8      | Found a flagged portal.
  6147 | Bailey   | Entered a bailey
  6345 | Bailey   | Reached skill level 9 in Fighting
  7657 | D:8      | Found Ejeufot's Antique Armour Shoppe.
  7667 | D:8      | Bought a glimmering plate armour for 784 gold pieces
  7667 | D:8      | Identified the +7 plate armour of Buypes {-Tele Rampage
                  | rPois Will++} (You bought it in a shop on level 8 of the
                  | Dungeon)
  8115 | D:8      | Found a bloodstained altar of Trog.
  8117 | D:8      | Found a snail-covered altar of Cheibriados.
  8293 | D:9      | Noticed a kobold demonologist
  8298 | D:9      | Reached XP level 11. HP: 97/99 MP: 10/10
  8314 | D:9      | Reached skill level 10 in Fighting
  8418 | D:9      | Found an opulent altar of Gozag.
  8464 | D:9      | Found Gozag's Platinum Reserve.
  8528 | D:9      | Noticed an orange crystal statue
  8647 | D:9      | Lost intelligence.
  9494 | D:10     | Entered Level 10 of the Dungeon
  9610 | D:10     | Noticed Fannar
  9624 | D:10     | Killed Fannar
  9976 | D:10     | Noticed a boulder beetle
  9995 | D:10     | Killed a boulder beetle
  9996 | D:10     | Reached skill level 11 in Fighting
 10002 | D:10     | Reached skill level 12 in Fighting
 10002 | D:10     | Reached XP level 12. HP: 93/113 MP: 11/11
 10003 | D:10     | Reached skill level 17 in Fighting
 10003 | D:10     | Reached XP level 13. HP: 111/133 MP: 12/12
 10144 | D:11     | Found a frozen archway.
 10165 | IceCv    | Entered an ice cave
 11088 | IceCv    | Reached skill level 18 in Fighting
 11097 | IceCv    | Identified the ring "Riniazis" {Ice rN++ Will+++ Int-3
                  | Stlth-}
 11119 | IceCv    | Reached skill level 10 in Armour
 11645 | D:11     | Found a staircase to the Orcish Mines.
 11645 | D:11     | Noticed Harold
 11656 | D:11     | Reached skill level 10 in Shields
 11661 | D:11     | Killed Harold
 11895 | D:11     | Reached skill level 10 in Axes
 11948 | D:11     | Reached XP level 14. HP: 119/144 MP: 13/13
 12012 | D:11     | HP: 7/144 [fire elemental[a deep elf pyromancer] (4)]
 12012 | D:11     | HP: 3/144 [fire elemental[a deep elf pyromancer] (4)]
 12241 | D:11     | Noticed a stone giant
 12242 | D:11     | Noticed a stone giant
 12384 | D:11     | HP: 5/144 [fire dragon/blast of flame (25)]
 12655 | D:11     | Killed a stone giant
 12663 | D:11     | Bought an amulet of reflection for 540 gold pieces
 13013 | D:11     | Reached skill level 19 in Fighting
 13024 | D:11     | Identified the staff of fire "Sethrueg" {rF+ rN++ Will+
                  | Int-4}
 13026 | D:11     | Got Nyic's Spellbook of Sidekicks
 13030 | D:11     | Identified the amulet "Nieps" {rPois rC+ Regen+ MP+9 Dex+4}
 13056 | D:11     | Killed a stone giant
 13067 | D:11     | Identified the +0 leather armour "Noyss" {*Corrode Dex+7}
 13635 | D:9      | Identified the staff of air "Pohu" {rElec rF- rCorr Str+2}
 13674 | D:9      | Identified the staff of poison "Ustys" {rElec rPois rN+
                  | Dex+4}
 13778 | Orc:1    | Entered Level 1 of the Orcish Mines
 13868 | Orc:1    | Found Uqee's Armour Emporium.
 14244 | Orc:2    | Entered Level 2 of the Orcish Mines
 15206 | Orc:2    | Found Ucaaq's Distillery.
 15219 | Orc:2    | Found Beguj's General Store.
 15954 | Orc:2    | Bought a potion of heal wounds for 65 gold pieces
 15956 | Orc:2    | Identified a scroll of acquirement
 15959 | Orc:2    | Acquired 649 gold pieces
 15964 | Orc:2    | Bought a scroll of teleportation for 36 gold pieces
 15966 | Orc:2    | Bought a potion of haste for 120 gold pieces
 15976 | Orc:2    | Bought a potion of might for 52 gold pieces
 16269 | Orc:2    | Reached skill level 20 in Fighting
 16284 | Orc:2    | Reached XP level 15. HP: 40/155 MP: 14/14
 16620 | Orc:2    | Found Etoehu's Jewellery Emporium.
 16620 | Orc:2    | Found Otymny's Antique Weapon Shoppe.
 16621 | Orc:2    | Found a one-way gate leading to the halls of Pandemonium.
 16629 | Orc:2    | Bought a brightly glowing dire flail for 288 gold pieces
 16629 | Orc:2    | Identified the +11 dire flail of the Penguin {vamp, rF+ rC-
                  | Dex+2} (You bought it in a shop on level 2 of the Orcish
                  | Mines)
 16782 | Orc:2    | Found a staircase to the Elven Halls.
 16884 | Orc:2    | Found Qedeoneh's Antique Weapon Shop.
 16893 | Orc:2    | Bought a warped morningstar for 270 gold pieces
 16893 | Orc:2    | Identified the +5 morningstar of Guonuuc {spect, rPois}
                  | (You bought it in a shop on level 2 of the Orcish Mines)
 17061 | Lair:1   | Entered Level 1 of the Lair of Beasts
 17155 | Lair:1   | Reached skill level 1 in Maces & Flails
 18352 | Lair:2   | Found a staircase to the Snake Pit.
 19041 | Lair:3   | Found a staircase to the Shoals.
 19053 | Lair:3   | Reached skill level 21 in Fighting
 19070 | Lair:3   | Reached skill level 5 in Maces & Flails
 19841 | Lair:4   | HP: 3/158 [black mamba (7)]
 20284 | Lair:4   | Found a shimmering blue altar of Sif Muna.
 20825 | Lair:5   | Entered Level 5 of the Lair of Beasts
 21249 | Lair:5   | Reached XP level 16. HP: 168/168 MP: 15/15
 21518 | Lair:5   | Found a staircase to the Slime Pits.
 21760 | Lair:5   | Reached skill level 22 in Fighting
 22264 | Lair:5   | Got the Papyrus of Unified Terra Firma
 22660 | D:11     | Mangled by a titanic slime creature

Illustrated notes

Levels and vault maps discovered:
D:1:      dpeg_arrival_rhombus, layout_basic,
          hellmonk_ecumenical_altar_defaced_shrine, minmay_lizard_pond
D:2:      layout_basic
D:3:      layout_rooms, lemuel_crystal_altar
D:4:      layout_loops_ring, minmay_statues_item, guppyfry_early_lair_pool,
          uniq_menkaure
D:5:      nicolae_cairo_tiling_large_dashed, layout_cave_pods,
          minmay_temple_entry_statues_pillars, serial_rivers,
          chequers_serial_rivers_micro_a, chequers_serial_rivers_micro_c,
          chequers_serial_rivers_micro_e, chequers_serial_rivers_small_b,
          chequers_serial_rivers_room_b, uniq_sigmund, uniq_blork_the_orc
D:6:      layout_loops_ring, overflow_temple_1_default, uniq_maggie
D:7:      layout_loops_ring
D:8:      layout_basic, nicolae_overflow_hidden_temple, dpeg_oklobed_lair,
          enter_bailey_5, serial_shops, nicolae_shop_crystal
D:9:      layout_cross, nicolae_gozag_zags_fifth_avenue, minmay_protected_statue
D:10:     layout_rooms, uniq_fannar
D:11:     minmay_tile_spiral, layout_loops_ring, david_orc_5,
          gauntlet_entry_generic, portal_ice_cave_entry_pillars_2,
          kennysheep_generic_room_3, uniq_harold
D:12:     layout_loops_ring
Lair:1:   layout_regular_city, guppyfry_lair_drakes
Lair:2:   layout_long_grid, guppyfry_snake_entry_garden, serial_forest,
          infiniplex_forest_clump_long, infiniplex_forest_end_3,
          infiniplex_forest_pool, infiniplex_forest_end_3,
          infiniplex_forest_end_3, infiniplex_forest_fountain,
          infiniplex_forest_split, infiniplex_forest_corner_1,
          beast_lair_carwin_4, infiniplex_staircase_pool_2
Lair:3:   layout_concentric_octagons, minmay_shoals_entry_beasts
Lair:4:   layout_hall_layers, basic_altar
Lair:5:   due_jungle_book, layout_hall_layers, slime_entry_1, grunt_megastairs_5
Orc:1:    layout_caves, serial_shops, nicolae_shop_trees
Orc:2:    pf_orc_diabolical, layout_caves, serial_shops, nicolae_lakefront_shop,
          lemuel_statue_altar, kennysheep_orc_chapel

Skill      XL: |  1  2  3  4  5  6  7  8  9 10 11 12 13 14 15 16 |
---------------+-------------------------------------------------+-----
Axes           | 2 3 4 5 6 7 9 10 11 | 11.4
Shields        | 3 4 5 6 8 9 10 11 | 11.6
Armour         | 3 4 5 6 8 9 10 11 12 13 | 13.2
Fighting       | 4 5 6 8 9 12 17 18 20 21 22 | 22.2
Maces & Flails | 7 9 |  9.1

Action                     |  1- 3 |  4- 6 |  7- 9 | 10-12 | 13-15 | 16-18 || total
---------------------------+-------+-------+-------+-------+-------+-------++-------
  Melee: War axe           |   148 |   103 |       |       |       |       ||   251
         Hand axe          |       |    27 |   145 |   384 |   724 |       ||  1280
         Dire flail        |       |       |       |       |   562 |   277 ||   839
 Invoke: Potion Petition   |       |       |       |       |     4 |       ||     4
         Call Merchant     |       |       |       |       |     1 |       ||     1
  Evoke: Wand              |       |       |       |     1 |     8 |       ||     9
    Use: Scroll            |     3 |     3 |     4 |     8 |     8 |       ||    26
         Potion            |       |       |       |     9 |     7 |       ||    16
   Stab: Distracted        |       |     1 |       |     2 |     4 |       ||     7
         Paralysed         |       |       |       |       |     2 |       ||     2
 Armour: Scale mail        |   128 |    78 |       |       |       |       ||   206
         Chain mail        |       |     4 |    75 |   203 |       |       ||   282
         Plate armour      |       |       |       |    90 |   803 |   184 ||  1077
  Dodge: Dodged            |   119 |    69 |    65 |   173 |   364 |    84 ||   874
  Block: Buckler           |    48 |    30 |    23 |   102 |   202 |       ||   405
         Reflection        |       |       |       |       |     2 |       ||     2
         Other             |       |       |       |       |   122 |    40 ||   162

Table legend: (Time is in decaauts)
 A = Elapsed time spent in this place.
 B = Non-inter-level travel time spent in this place.
 C = Inter-level travel time spent in this place.
 D = Time resting spent in this place.
 E = Time spent auto-exploring this place.
 F = Levels seen in this place.
 G = Mean time per level.
                   A        B        C        D        E       F      G
               +--------+--------+--------+--------+--------+-----+--------+
         Total |  22474 |  21337 |   1137 |   3209 |  12369 |  21 | 1070.2 |
       Dungeon |  11342 |  10476 |    866 |    958 |   6823 |  12 |  945.2 |
          Lair |   5333 |   5149 |    184 |      0 |   4044 |   5 | 1066.6 |
  Orcish Mines |   3104 |   3018 |     86 |   1390 |    953 |   2 | 1552.0 |
        Bailey |   1421 |   1421 |      0 |    616 |     79 |   1 | 1421.0 |
      Ice Cave |   1272 |   1272 |      0 |    245 |    469 |   1 | 1272.0 |
               +--------+--------+--------+--------+--------+-----+--------+

Top non-repeatable levels by time:
   Orc:2: 2461 daAuts
    D:11: 2158 daAuts
  Bailey: 1421 daAuts
  Lair:5: 1394 daAuts
     D:9: 1345 daAuts
   IceCv: 1272 daAuts
  Lair:4: 1238 daAuts
     D:6: 1233 daAuts
  Lair:2: 1151 daAuts
     D:1: 1001 daAuts
     D:2: 894 daAuts
     D:8: 884 daAuts
     D:4: 869 daAuts
     D:7: 850 daAuts
  Lair:1: 775 daAuts
